 Dungeon Crawl Stone Soup version 0.31.0-9-g3a7656b989 (webtiles) character file.

Game seed: 11508959388450824311

84 Kallu the Magician (level 4, -10/30 HPs)
             Began as a Vampire Alchemist on Jan 29, 2024.
             Mangled by an iguana (11 damage)
             ... on level 2 of the Dungeon.
             The game lasted 00:02:46 (1863 turns).

Kallu the Magician (Vampire Alchemist)              Turns: 1863, Time: 00:02:46

Health: -10/30     AC:  2    Str:  7    XL:     4   Next: 24%
Magic:  8/10       EV: 12    Int: 19    God:
Gold:   30         SH:  0    Dex: 14    Spells: 5/11 levels left

rFire   . . .        d - +0 short sword
rCold   . . .        (no shield)
rNeg    . . .        a - +0 robe
rPois   .            (no helmet)
rElec   .            (no cloak)
rCorr   .            (no gloves)
SInv    +            (no boots)
Will    .....        (no amulet)
Stlth   ++           (no ring)
HPRegen 0.45/turn    (no ring)
MPRegen 0.12/turn

%: no passive effects
@: healing quickly
A: alive, fangs 3, see invisible, vampiric 2
a: Exsanguinate


You were on level 2 of the Dungeon.
You visited 1 branch of the dungeon, and saw 2 of its levels.

You collected 30 gold pieces.

Inventory:

Hand Weapons
 d - a +0 short sword (weapon)
Armour
 a - a +0 robe (worn)
Scrolls
 c - a scroll of enchant weapon {unknown}
 e - 2 scrolls of identify {unknown}
 f - 2 scrolls of noise {unknown}
 g - a scroll of immolation {unknown}
 h - a scroll of fear {unknown}
Potions
 b - a potion of magic


   Skills:
 - Level 2.1 Dodging
 - Level 3.0 Stealth
 - Level 4.0 Spellcasting
 - Level 0.6 Conjurations
 * Level 3.7 Alchemy


You had 5 spell levels left.
You knew the following spells:

 Your Spells              Type           Power      Damage    Failure   Level
a - Sting                 Conj/Alch      48%        1d6       5%          1
b - Mercury Vapours       Alch/Air       20%        N/A       10%         2
c - Mephitic Cloud        Conj/Alch/Air  9%         N/A       22%         3

Your spell library contained the following spells:

 Spells                   Type           Power      Damage    Failure   Level
 Olgreb's Toxic Radiance  Alch           18%        N/A       28%         4
 Sticky Flame             Fire/Alch      10%        2d5       54%         4


Dungeon Overview and Level Annotations

Branches:
Dungeon (2/15)

Altars:


Innate Abilities, Weirdness & Mutations

Your natural rate of healing is accelerated.
You have razor-sharp teeth.
You have supernaturally acute eyesight. (SInv)
You are afflicted with vampirism and can become a bat while bloodless.


Message History

You closely miss the quokka.
The quokka is heavily wounded.
The quokka bites you but does no damage.
You miss the quokka. You bite the quokka.
The quokka is severely wounded.
You kill the quokka!
You see here a quokka corpse.
There is a stone staircase leading up here.
Found a stone staircase leading up.
An iguana comes into view.
An iguana is nearby!
Aiming: Sting (safe; 5% risk of failure)
Press: ? - help, Q - select action, (/) - cycle Shift-Dir - straight line, f - iguana
Aim: an iguana (75% to hit)
The sting hits the iguana.
The iguana is poisoned.
The iguana is lightly wounded.
Unknown command.
The iguana bites you!
You closely miss the iguana.
The iguana is moderately wounded.
The iguana bites you.
You barely miss the iguana.
The iguana is moderately wounded.
The iguana bites you!
* * * LOW HITPOINT WARNING * * *
You closely miss the iguana. You bite the iguana, but do no damage.
The iguana is moderately wounded.
The iguana bites you.
* * * LOW HITPOINT WARNING * * *
You hit the iguana.
The iguana is heavily wounded.
The iguana bites you!
* * * LOW HITPOINT WARNING * * *
Aiming: Sting (safe; 5% risk of failure)
Press: ? - help, Q - select action, (/) - cycle Shift-Dir - straight line, f/p - iguana
Aim: an iguana (heavily wounded, poisoned, 75% to hit)
The sting hits the iguana.
The iguana looks even sicker.
The iguana is severely wounded.
The iguana bites you!
You die...

#<....#.#######
......#.# ##....#.#
#..:.#.# # #....#.# #
.##########....#.# #
...........<...#.# #
##.........#...#.#######
......l@.......#........
.#########.#.#.#########
............#.#
########......# #####..#
##.## #..# ##.# ###.##


You could see an iguana (very poisoned).

Vanquished Creatures
  2 gnolls (D:1)
  An adder (D:2)
  2 ribbon worms (D:2)
  3 dart slugs
  2 ball pythons (D:1)
  5 endoplasms
  2 giant cockroaches
  4 goblins
  2 hobgoblins
  4 jackals (D:1)
  5 kobolds (D:1)
  2 quokkas (D:2)
  3 bats (D:1)
  2 frilled lizards (D:1)
  4 rats
43 creatures vanquished.

Notes
Turn   | Place    | Note
-------+----------+-------------------------------------------
     0 | D:1      | Kallu the Vampire Alchemist began the quest for the Orb.
     0 | D:1      | Reached XP level 1. HP: 13/13 MP: 3/3
   228 | D:1      | Reached skill level 3 in Spellcasting
   228 | D:1      | Reached XP level 2. HP: 19/19 MP: 1/6
   530 | D:1      | Gained mutation: You are afflicted with vampirism and can
                  | become a bat while bloodless. [Vampire growth]
   530 | D:1      | Reached XP level 3. HP: 24/24 MP: 7/7
   533 | D:1      | Learned a level 2 spell: Mercury Vapours
   537 | D:1      | Learned a level 3 spell: Mephitic Cloud
  1460 | D:2      | Reached skill level 4 in Spellcasting
  1586 | D:2      | Reached XP level 4. HP: 15/30 MP: 5/10
  1862 | D:2      | HP: 1/30 [iguana (7)]
  1863 | D:2      | Mangled by an iguana

Illustrated notes

Levels and vault maps discovered:
D:1:      dpeg_arrival_line_fractal, layout_basic, nicolae_grassy_gnolls
D:2:      layout_basic

Skill      XL: |  1  2  3 |
---------------+----------+-----
Spellcasting   | 3 4 |  4.0
Dodging        | |  2.1
Stealth        | |  3.0
Conjurations   | |  0.6
Alchemy        | |  3.7

Action                     |  1- 3 |  4- 6 || total
---------------------------+-------+-------++-------
  Melee: Unarmed           |    33 |       ||    33
         Bite              |    17 |     2 ||    19
         Punch             |     2 |       ||     2
         Short sword       |    90 |    16 ||   106
   Cast: Sting             |    36 |     7 ||    43
   Stab: Sleeping          |     4 |       ||     4
 Armour: Robe              |    63 |    10 ||    73
  Dodge: Dodged            |   101 |     9 ||   110
